 Dungeon Crawl Stone Soup version 0.31-a0-237-g2d982f9f85 (webtiles) character file.

Game seed: 1573450708659469397

93 qw the Shooter (level 4, 0/36 HPs)
             Began as a Minotaur Hexslinger on July 11, 2023.
             Slain by an orc
             ... wielding a +0 dagger
              (1 damage)
             ... on level 3 of the Dungeon.
             The game lasted 00:00:40 (1449 turns).

qw the Shooter (Minotaur Hexslinger)                Turns: 1449, Time: 00:00:40

Health: 0/36       AC:  3    Str: 12 (13) XL:     4   Next: 37%
Magic:  4/4        EV: 12    Int:  9 (10) God:
Gold:   118        SH:  0    Dex: 14      Spells: 4/5 levels left

rFire   . . .        i - +1 sling (heavy)
rCold   . . .        (no shield)
rNeg    . . .        g - +0 leather armour {rPois}
rPois   +            (helmet restricted)
rElec   .            (no cloak)
rCorr   .            (no gloves)
SInv    .            (no boots)
Will    .....        (no amulet)
Stlth   +            (no ring)
HPRegen 0.26/turn    (no ring)
MPRegen 0.09/turn

%: no passive effects
@: no status effects
A: horns 2, retaliatory headbutt
a: no special abilities


You were on level 3 of the Dungeon.
You visited 1 branch of the dungeon, and saw 3 of its levels.

You collected 118 gold pieces.


Innate Abilities, Weirdness & Mutations

You have a pair of horns on your head.
You reflexively headbutt those who attack you in melee.


   Skills:
 - Level 2.0 Fighting
 + Level 4.9 Ranged Weapons
 - Level 2.1 Dodging
 - Level 1.0 Spellcasting
 - Level 2.0 Hexes


You had 4 spell levels left.
You knew the following spells:

 Your Spells              Type           Power      Damage    Failure   Level
a - Slow                  Hex            16%        N/A       21%         1

Your spell library contained the following spells:

 Spells                   Type           Power      Damage    Failure   Level
 Inner Flame              Hex/Fire       2%         N/A       67%         3
 Portal Projectile        Hex/Tloc       4%         N/A       67%         3
 Cause Fear               Hex            2%         N/A       90%         4

Inventory:

Hand Weapons
 i - a +1 heavy sling (weapon)
Armour
 g - a +0 leather armour of poison resistance (worn)
Jewellery
 a - a +4 ring of protection
Scrolls
 h - a scroll of identify
Potions
 c - a potion of haste
 e - a potion of might {unknown}
 j - a potion of lignification {unknown}

Dungeon Overview and Level Annotations

Branches:
Dungeon (3/15)

Altars:


Message History

You shoot a sling bullet.
The sling bullet barely misses the orc wizard.
The orc wizard hits you with a +0 dagger.
The orc barely misses you.
The orc wizard gestures at you while chanting.
The magic dart hits you!
You shoot a sling bullet.
The sling bullet closely misses the orc wizard.
The sling bullet hits the orc.
The orc is almost dead.
The orc wizard gestures at you while chanting.
The magic dart hits you! The orc misses you. Something hits you.
The orc wizard gestures at you while chanting.
You are confused.
Something hits you but does no damage. The orc hits you but does no damage.
The orc closely misses you. The orc wizard misses you. Something hits you.
The orc barely misses you. x2
The orc wizard hits you with a +0 dagger.
Something hits you but does no damage. The orc hits you but does no damage.
The orc hits you with a +0 dagger.
1445 ||| DRINKING potion of heal wounds.
You feel much better. The orc wizard casts a spell at you.
You resist with some effort. The orc barely misses you. Something hits you.
The orc hits you but does no damage.
The orc wizard gestures wildly while chanting.
The orc wizard flickers and vanishes!
The orc barely misses you. Something barely misses you.
The orc hits you with a +0 dagger.
You hear some strange, mumbled words.
A puff of flame appears from out of thin air!
The puff of flame hits you! The orc hits you with a +0 dagger.
Something barely misses you. The orc misses you.
You hear some strange, mumbled words.
A puff of flame appears from out of thin air!
The puff of flame hits you! The orc hits you with a +0 dagger.
Something hits you. The orc closely misses you.
You feel less confused. Something hits you. The orc closely misses you.
You furiously retaliate!
You headbutt the orc. Something hits you. The orc hits you with a +0 dagger.
You die...

## ########## .).
#......... #..
#####.########
#.######<....#######
##........###.......#
.......#..# #.#####.#
#.#o{o..###.#####.###
#...@................
#.[.......#.#######.###
#.##.......#.##....)...#
#..##.###.##.####....
#.. #.# #.##.# #..#. #..
#.# #.##.# ##...
#..##.###.##.# ##.#
.............#####...
.##.###..........#.


You could see 2 orcs.

Vanquished Creatures
  4 adders (D:2)
  2 worms (D:2)
  A dart slug (D:2)
  An orc (D:3)
  2 ball pythons
  2 endoplasms (D:2)
  4 giant cockroaches
  5 goblins
  8 hobgoblins
  4 jackals (D:2)
  2 quokkas (D:2)
  A bat (D:2)
  2 frilled lizards
  5 kobolds
  3 rats
46 creatures vanquished.

Notes
Turn   | Place    | Note
-------+----------+-------------------------------------------
     0 | D:1      | qw the Minotaur Hexslinger began the quest for the Orb.
     0 | D:1      | Reached XP level 1. HP: 16/16 MP: 1/1
     0 | D:1      | 0 ||| qw: Version: 0.3-a-52-g30416fa
     0 | D:1      | 0 ||| qw: Game counter: 5797
     0 | D:1      | 0 ||| qw: Melee chars always use a shield: true
     0 | D:1      | 0 ||| qw: God list: Okawaru
     0 | D:1      | 0 ||| qw: Allow faded altars: false
     0 | D:1      | 0 ||| qw: Do Orc after clearing Dungeon:15 true
     0 | D:1      | 0 ||| qw: Do second Lair branch before Depths: true
     0 | D:1      | 0 ||| qw: Lair rune preference: random
     0 | D:1      | 0 ||| qw: Goals: Normal
     0 | D:1      | 0 ||| PLANNING D:1-11
   308 | D:1      | Reached skill level 3 in Ranged Weapons
   315 | D:1      | Reached XP level 2. HP: 23/23 MP: 2/2
   720 | D:1      | 720 ||| UPGRADING to +0 leather armour of poison
                  | resistance.
   730 | D:1      | 730 ||| DROPPING +0 robe.
   731 | D:1      | 731 ||| READING scroll labelled ENEFOUP QAXUIT.
   732 | D:1      | 732 ||| READING scroll labelled GON ISARGHOUQ.
   733 | D:1      | 733 ||| DRINKING 2 glowing clear potions.
   734 | D:1      | 734 ||| DROPPING scroll of poison.
   735 | D:1      | 735 ||| DROPPING potion of degeneration.
   833 | D:2      | Reached XP level 3. HP: 29/29 MP: 3/3
   871 | D:2      | You fall into a shaft and drop 1 floor!
   884 | D:3      | 884 ||| READING scroll labelled QAFAFR PEAD ORIRPH.
   885 | D:3      | 885 ||| DRINKING 2 orange potions.
   891 | D:3      | 891 ||| FLEEEEING.
   892 | D:3      | 892 ||| STAIRDANCE
  1037 | D:2      | Reached skill level 4 in Ranged Weapons
  1104 | D:2      | Found a faded altar of an unknown god.
  1223 | D:2      | Reached XP level 4. HP: 30/36 MP: 4/4
  1364 | D:2      | 1364 ||| READING scroll labelled LIGE VUUCZOYF.
  1365 | D:2      | 1365 ||| READING 3 scrolls labelled ZOC OCRINEHA.
  1366 | D:2      | 1366 ||| DRINKING 2 clear potions.
  1367 | D:2      | 1367 ||| DRINKING 2 murky pink potions.
  1368 | D:2      | 1368 ||| DRINKING 2 viscous grey potions.
  1369 | D:2      | 1369 ||| DROPPING potion of berserk rage.
  1370 | D:2      | 1370 ||| DROPPING potion of magic.
  1371 | D:2      | 1371 ||| DROPPING 2 scrolls of immolation.
  1444 | D:3      | HP: 9/36 [orc/+0 dagger (2)]
  1445 | D:3      | 1445 ||| DRINKING potion of heal wounds.
  1449 | D:3      | HP: 4/36 [something (2)]
  1449 | D:3      | HP: 1/36 [something (3)]
  1449 | D:3      | Slain by an orc

Levels and vault maps discovered:
D:1:      psy_arrival_radial02, layout_loops_ring
D:2:      layout_rooms, hellmonk_ecumenical_altar_heavens_door,
          minmay_tetromino_l4
D:3:      layout_loops_ring, serial_shops, nicolae_shop_window_shopping,
          hangedman_glass_teeth, nicolae_underground_beach,
          uniq_crazy_yiuf_cottage

Skill      XL: |  1  2  3 |
---------------+----------+-----
Ranged Weapons | 3 4 |  4.9
Fighting       | 2 |  2.0
Dodging        | |  2.1
Spellcasting   | |  1.0
Hexes          | |  2.0

Action                     |  1- 3 |  4- 6 || total
---------------------------+-------+-------++-------
   Fire: Sling             |   113 |    22 ||   135
    Use: Scroll            |     3 |     2 ||     5
         Potion            |     2 |     4 ||     6
 Armour: Leather armour    |     7 |     7 ||    14
  Dodge: Dodged            |    31 |    23 ||    54

Table legend:
 A = Non-vault XP
 B = Vault XP
 C = Vault XP percentage of total XP
 D = Non-vault monster count
 E = Vault monster count
 F = Vault count percentage of total count
                 A         B        C        D         E       F
            +---------+---------+-------+---------+---------+-------
      Total |     127 |       7 |   5.2 |      42 |       4 |   8.7
            +---------+---------+-------+---------+---------+-------
        D:1 |      21 |       0 |   0.0 |      13 |       0 |   0.0
        D:2 |      99 |       7 |   6.6 |      25 |       4 |  13.8
        D:3 |       7 |       0 |   0.0 |       4 |       0 |   0.0
            +---------+---------+-------+---------+---------+-------
